cohdb
Replays
Latest Replays
All Replays
Popular Replays
Top Player Replays
Match Explorer
How It Works
Community
CoH3 Stats
Reddit
Sign in to upload your games and track your stats! →
Sign in with Steam
Match 43855654
Unlisted
Match 43855654
Overview
Messages
Build Orders
End
Kradschützen Motorcycle Team
Selects Panzerjäger Kommand Battlegroup
Selects Mine Fields
Panzergrenadier Squad
250 Light Carrier
Construct Light Support Kompanie
Combat Half-tracks
Selects Tank Busters
MG34 Team
Panzergrenadier Squad
Fire Support Elements
2.5-tonne Medical Truck
Selects Defensive Positions
Veteran Squad Leaders
Panzerjäger Mechanized Group
Selects Butterfly Bomb Drop
Panzergrenadier Squad
Flakvierling Half-track
Panzergrenadier Squad
Selects Crew Shock Tactics
Vehicle Survival Package
BR5
Arturokq
0
0
Comments
sign in to comment!
No comments posted yet!